[ PARTIDA AOE2 · #457207432 ]
1v1 RMTupíes vs Muisca
Equipo del jugador · DERR
Equipo rival · VICT
[ ANÁLISIS DE REPETICIÓN · EXTRAÍDO DE LA PARTIDA GRABADA ]
Feudal
10:08
Castillos
23:07
Imperial
40:57
| APM promedio | 31.6 |
| APM pico | 59 |
| eAPM promedio | 20.3 |
| Aldeanos / militares | 104 / 43 |
Foco
⚔️ 39.3% · 🌾 60.7%
Unknown (2550) ×98 · Unknown (2579) ×54 · Unknown (2582) ×25 · Skirmisher ×13 · Petard ×13 · Archer ×6
Feudal
9:48
Castillos
25:29
Imperial
44:57
| APM promedio | 51.3 |
| APM pico | 92 |
| eAPM promedio | 28.9 |
| Aldeanos / militares | 194 / 88 |
Foco
⚔️ 39.1% · 🌾 60.9%
Unknown (2586) ×120 · Unknown (2562) ×41 · Archer ×39 · Trebuchet (Packed) ×19 · Scorpion ×18 · Mangonel ×5
Mapa de la partida
Recursos iniciales + cada clic de construcción. Líneas = muros · curvas = relieve. ◆ oro · ⬟ piedra · ● bayas · ✦ reliquia · ◌ hueco del cierre
Tu base· ✓ Cerrada en 23:07 · 19t muro · 3 puerta(s) · frágil
Base de parktopia· ✓ Cerrada en 25:29 · 32t muro · 2 puerta(s)
Terreno inicial suavizado · ◌ = hueco del cierre detectado · pasá el cursor para detalles
Inputs por minuto
— [ZCHE] Jose VIII - - parktopia
Build order — [ZCHE] Jose VIII
Primeras 150 de 400 acciones detectadas
| 0:00 | Crear | Villager (Male) |
| 0:00 | Crear | Villager (Male) |
| 0:01 | Crear | Villager (Male) |
| 0:01 | Crear | Villager (Male) |
| 0:02 | Construir | House |
| 0:05 | Construir | House |
| 1:01 | Crear | Villager (Male) |
| 1:39 | Crear | Villager (Male) |
| 1:47 | Construir | Settlement |
| 2:08 | Crear | Villager (Male) |
| 2:13 | Crear | Villager (Male) |
| 3:19 | Crear | Villager (Male) |
| 3:42 | Crear | Villager (Male) |
| 3:54 | Construir | Settlement |
| 4:00 | Crear | Villager (Male) |
| 4:38 | Crear | Villager (Male) |
| 4:39 | Crear | Villager (Male) |
| 4:39 | Crear | Villager (Male) |
| 5:09 | Crear | Villager (Male) |
| 5:18 | Crear | Villager (Male) |
| 5:46 | Construir | House |
| 6:12 | Crear | Villager (Male) |
| 6:29 | Crear | Villager (Male) |
| 6:49 | Crear | Villager (Male) |
| 7:18 | Construir | Settlement |
| 7:56 | Investigar | Feudal Age |
| 8:20 | Construir | Barracks |
| 8:54 | Crear | Villager (Male) |
| 8:55 | Crear | Villager (Male) |
| 10:01 | Construir | Palisade Gate |
| 10:06 | Construir | Palisade Gate |
| 10:08 | Edad | Edad Feudal |
| 10:11 | Construir | Barracks |
| 10:21 | Crear | Villager (Male) |
| 10:40 | Construir | Archery Range |
| 10:45 | Construir | Farm |
| 10:46 | Construir | Farm |
| 11:01 | Construir | Farm |
| 11:10 | Construir | Farm |
| 11:12 | Crear | Villager (Male) |
| 11:19 | Construir | Farm |
| 11:22 | Investigar | Tech 1402 |
| 11:23 | Crear | Unit 2550 |
| 11:24 | Crear | Unit 2550 |
| 11:34 | Construir | House |
| 11:38 | Crear | Villager (Male) |
| 11:57 | Crear | Archer |
| 11:57 | Crear | Archer |
| 12:04 | Crear | Villager (Male) |
| 12:13 | Construir | Palisade Wall |
| 12:18 | Construir | House |
| 12:20 | Construir | Palisade Wall |
| 12:22 | Crear | Villager (Male) |
| 12:24 | Crear | Unit 2550 |
| 12:26 | Crear | Archer |
| 12:26 | Crear | Archer |
| 12:40 | Crear | Villager (Male) |
| 12:55 | Construir | Palisade Wall |
| 12:58 | Construir | Palisade Wall |
| 12:59 | Crear | Villager (Male) |
| 13:02 | Crear | Archer |
| 13:04 | Crear | Unit 2550 |
| 13:04 | Crear | Unit 2550 |
| 13:17 | Construir | Blacksmith |
| 13:18 | Crear | Villager (Male) |
| 13:21 | Construir | Farm |
| 13:22 | Construir | Farm |
| 14:00 | Crear | Unit 2550 |
| 14:04 | Crear | Archer |
| 14:11 | Construir | House |
| 14:30 | Investigar | Loom |
| 14:44 | Construir | Palisade Gate |
| 14:49 | Construir | House |
| 14:50 | Crear | Villager (Male) |
| 14:55 | Investigar | Padded Archer Armor |
| 15:08 | Crear | Unit 2550 |
| 15:11 | Investigar | Scale Mail Armor |
| 16:20 | Crear | Skirmisher |
| 16:20 | Crear | Skirmisher |
| 16:21 | Crear | Unit 2550 |
| 16:22 | Crear | Unit 2550 |
| 16:28 | Construir | Farm |
| 16:30 | Construir | Farm |
| 16:31 | Construir | Farm |
| 16:33 | Construir | Farm |
| 16:36 | Construir | Farm |
| 16:37 | Crear | Villager (Male) |
| 16:38 | Crear | Villager (Male) |
| 16:40 | Crear | Villager (Male) |
| 16:51 | Construir | Farm |
| 16:56 | Crear | Skirmisher |
| 17:00 | Crear | Unit 2550 |
| 17:05 | Construir | Market |
| 17:15 | Crear | Villager (Male) |
| 17:32 | Construir | Settlement |
| 18:00 | Crear | Unit 2550 |
| 18:00 | Crear | Unit 2550 |
| 18:00 | Crear | Unit 2550 |
| 18:19 | Crear | Villager (Male) |
| 18:22 | Crear | Villager (Male) |
| 18:29 | Crear | Unit 2550 |
| 18:31 | Crear | Villager (Male) |
| 18:44 | Construir | Farm |
| 18:45 | Crear | Villager (Male) |
| 18:46 | Crear | Villager (Male) |
| 19:24 | Crear | Villager (Male) |
| 19:26 | Construir | Farm |
| 19:57 | Construir | Dock |
| 19:59 | Crear | Villager (Male) |
| 20:07 | Construir | House |
| 20:12 | Construir | House |
| 20:13 | Construir | House |
| 20:14 | Crear | Villager (Male) |
| 20:27 | Investigar | Castle Age |
| 21:00 | Investigar | Double-Bit Axe |
| 21:30 | Crear | Villager (Male) |
| 21:33 | Crear | Villager (Male) |
| 22:07 | Investigar | Fletching |
| 22:11 | Investigar | Horse Collar |
| 22:12 | Crear | Villager (Male) |
| 22:19 | Construir | Farm |
| 22:30 | Crear | Skirmisher |
| 22:31 | Crear | Skirmisher |
| 22:42 | Construir | Archery Range |
| 22:44 | Crear | Villager (Male) |
| 22:52 | Crear | Skirmisher |
| 22:55 | Crear | Villager (Male) |
| 23:06 | Investigar | Forging |
| 23:07 | Edad | Edad de los Castillos |
| 23:21 | Investigar | Tech 1351 |
| 23:35 | Construir | Castle |
| 23:37 | Crear | Villager (Male) |
| 23:43 | Investigar | Elite Skirmisher (upgrade) |
| 23:47 | Crear | Skirmisher |
| 23:49 | Crear | Villager (Male) |
| 24:16 | Crear | Skirmisher |
| 24:20 | Investigar | Leather Archer Armor |
| 24:24 | Crear | Skirmisher |
| 24:28 | Investigar | Crossbowman (upgrade) |
| 24:37 | Crear | Villager (Male) |
| 24:41 | Investigar | Forging |
| 24:54 | Construir | Settlement |
| 25:01 | Crear | Skirmisher ×4 |
| 25:04 | Crear | Villager (Male) |
| 25:19 | Crear | Unit 2579 |
| 25:20 | Crear | Unit 2579 |
| 25:21 | Crear | Unit 2579 |
| 25:31 | Crear | Unit 2579 |
| 25:31 | Crear | Unit 2579 |
| 25:32 | Crear | Unit 2579 |
Build order — parktopia
Primeras 150 de 704 acciones detectadas
| 0:00 | Crear | Villager (Male) |
| 0:00 | Crear | Villager (Male) |
| 0:01 | Crear | Villager (Male) |
| 0:02 | Construir | House |
| 0:03 | Construir | House |
| 0:19 | Crear | Villager (Male) |
| 1:24 | Crear | Villager (Male) |
| 1:48 | Construir | Settlement |
| 1:59 | Crear | Villager (Male) |
| 2:00 | Crear | Villager (Male) |
| 2:24 | Crear | Villager (Male) |
| 2:24 | Crear | Villager (Male) |
| 2:54 | Crear | Villager (Male) |
| 2:54 | Crear | Villager (Male) |
| 3:15 | Crear | Villager (Male) |
| 3:15 | Crear | Villager (Male) |
| 3:38 | Crear | Villager (Male) |
| 4:16 | Crear | Villager (Male) |
| 4:16 | Crear | Villager (Male) |
| 4:16 | Crear | Villager (Male) |
| 4:27 | Crear | Villager (Male) |
| 4:27 | Crear | Villager (Male) |
| 5:33 | Crear | Villager (Male) |
| 5:33 | Crear | Villager (Male) |
| 5:33 | Crear | Villager (Male) |
| 5:43 | Construir | Settlement |
| 5:45 | Crear | Villager (Male) |
| 5:45 | Crear | Villager (Male) |
| 5:45 | Crear | Villager (Male) |
| 6:27 | Crear | Villager (Male) |
| 6:27 | Crear | Villager (Male) |
| 7:32 | Investigar | Feudal Age |
| 8:21 | Construir | Barracks |
| 8:23 | Construir | Palisade Wall |
| 8:37 | Construir | House |
| 9:48 | Edad | Edad Feudal |
| 9:50 | Crear | Villager (Male) |
| 9:50 | Crear | Villager (Male) |
| 9:54 | Construir | Archery Range |
| 10:13 | Construir | Archery Range |
| 10:17 | Construir | Palisade Wall |
| 10:20 | Crear | Villager (Male) |
| 10:23 | Investigar | Loom |
| 10:24 | Investigar | Loom |
| 10:33 | Construir | Palisade Wall |
| 10:37 | Construir | Palisade Wall |
| 10:46 | Construir | Palisade Gate |
| 10:48 | Crear | Villager (Male) |
| 10:49 | Crear | Villager (Male) |
| 10:58 | Construir | House |
| 10:59 | Construir | House |
| 11:01 | Construir | Palisade Wall |
| 11:05 | Crear | Archer |
| 11:06 | Crear | Archer |
| 11:27 | Crear | Archer |
| 11:28 | Crear | Archer |
| 11:43 | Crear | Archer |
| 11:44 | Crear | Archer |
| 11:44 | Crear | Archer |
| 11:59 | Crear | Archer |
| 12:00 | Crear | Archer |
| 12:20 | Crear | Archer |
| 12:20 | Crear | Archer |
| 12:26 | Construir | House |
| 12:28 | Construir | House |
| 12:30 | Construir | House |
| 12:32 | Crear | Villager (Male) |
| 12:32 | Crear | Villager (Male) |
| 12:32 | Crear | Villager (Male) |
| 12:33 | Crear | Villager (Male) |
| 12:34 | Crear | Villager (Male) |
| 12:34 | Crear | Villager (Male) |
| 12:35 | Crear | Villager (Male) |
| 13:15 | Construir | Blacksmith |
| 13:17 | Construir | Palisade Wall |
| 13:29 | Crear | Archer |
| 13:29 | Crear | Archer |
| 13:55 | Crear | Archer |
| 14:02 | Crear | Villager (Male) |
| 14:02 | Crear | Villager (Male) |
| 14:03 | Crear | Villager (Male) |
| 14:08 | Construir | Palisade Wall |
| 14:09 | Construir | Palisade Gate |
| 14:14 | Crear | Archer |
| 14:14 | Crear | Archer |
| 14:27 | Construir | House |
| 14:27 | Construir | House |
| 14:29 | Construir | Palisade Wall |
| 14:37 | Investigar | Fletching |
| 14:39 | Investigar | Padded Archer Armor |
| 14:39 | Investigar | Padded Archer Armor |
| 15:08 | Crear | Archer |
| 15:09 | Crear | Archer |
| 15:47 | Crear | Villager (Male) |
| 15:48 | Crear | Villager (Male) |
| 15:52 | Construir | Settlement |
| 16:25 | Investigar | Horse Collar |
| 16:25 | Investigar | Horse Collar |
| 16:27 | Construir | Farm |
| 16:28 | Construir | Farm |
| 16:28 | Construir | Farm |
| 16:29 | Construir | Farm |
| 16:29 | Construir | Farm |
| 16:29 | Construir | Farm |
| 16:29 | Construir | Farm |
| 16:47 | Construir | Farm |
| 17:09 | Construir | Farm |
| 17:25 | Construir | Settlement |
| 17:27 | Crear | Villager (Male) |
| 17:28 | Crear | Villager (Male) |
| 17:46 | Construir | Farm |
| 18:20 | Construir | Palisade Wall |
| 18:25 | Construir | Farm |
| 18:26 | Crear | Villager (Male) |
| 18:27 | Crear | Villager (Male) |
| 18:27 | Crear | Villager (Male) |
| 18:43 | Construir | Farm |
| 18:46 | Construir | Farm |
| 18:55 | Construir | Farm |
| 18:57 | Investigar | Double-Bit Axe |
| 18:57 | Investigar | Double-Bit Axe |
| 19:02 | Crear | Archer |
| 19:02 | Crear | Archer |
| 19:37 | Crear | Archer |
| 19:37 | Crear | Archer |
| 19:42 | Construir | Farm |
| 19:43 | Crear | Villager (Male) |
| 19:44 | Crear | Villager (Male) |
| 19:46 | Investigar | Wheelbarrow |
| 19:50 | Construir | Farm |
| 19:54 | Construir | Farm |
| 20:00 | Construir | Farm |
| 20:20 | Construir | Farm |
| 20:27 | Construir | Watch Tower |
| 20:47 | Crear | Villager (Male) |
| 20:59 | Construir | Farm |
| 21:00 | Construir | Farm |
| 21:00 | Construir | Farm |
| 21:00 | Construir | Farm |
| 21:00 | Construir | Farm |
| 21:01 | Construir | Farm |
| 21:01 | Construir | Farm |
| 21:13 | Construir | House |
| 21:16 | Construir | Palisade Wall |
| 21:19 | Construir | House |
| 21:26 | Construir | Palisade Wall |
| 21:28 | Construir | Palisade Wall |
| 21:33 | Construir | House |
| 21:59 | Crear | Villager (Male) |
| 22:00 | Crear | Villager (Male) |
Cronología de la partida
| 8:20 | [ZCHE] Jose VIII · first_building Barracks |
| 8:21 | parktopia · first_building Barracks |
| 8:23 | parktopia · wall_segment Palisade Wall x1 |
| 9:48 | parktopia · age_up feudal |
| 9:54 | parktopia · first_building Archery Range |
| 10:08 | [ZCHE] Jose VIII · age_up feudal |
| 10:17 | parktopia · wall_segment Palisade Wall x1 |
| 10:33 | parktopia · wall_segment Palisade Wall x6 |
| 10:37 | parktopia · wall_segment Palisade Wall x9 |
| 10:40 | [ZCHE] Jose VIII · first_building Archery Range |
| 11:01 | parktopia · wall_segment Palisade Wall x3 |
| 12:13 | [ZCHE] Jose VIII · wall_segment Palisade Wall x5 |
| 12:20 | [ZCHE] Jose VIII · wall_segment Palisade Wall x1 |
| 12:55 | [ZCHE] Jose VIII · wall_segment Palisade Wall x6 |
| 12:58 | [ZCHE] Jose VIII · wall_segment Palisade Wall x7 |
| 13:17 | parktopia · wall_segment Palisade Wall x1 |
| 14:08 | parktopia · wall_segment Palisade Wall x5 |
| 14:29 | parktopia · wall_segment Palisade Wall x1 |
| 18:20 | parktopia · wall_segment Palisade Wall x1 |
| 18:35 | [ZCHE] Jose VIII · first_market_sell 100 wood |
| 18:37 | [ZCHE] Jose VIII · first_market_buy 100 food |
| 19:57 | [ZCHE] Jose VIII · first_building Dock |
| 21:16 | parktopia · wall_segment Palisade Wall x1 |
| 21:26 | parktopia · wall_segment Palisade Wall x1 |
| 21:28 | parktopia · wall_segment Palisade Wall x1 |
| 23:07 | [ZCHE] Jose VIII · age_up castle |
| 23:35 | [ZCHE] Jose VIII · first_building Castle |
| 24:34 | parktopia · wall_segment Palisade Wall x1 |
| 24:45 | parktopia · first_building Dock |
| 25:29 | parktopia · age_up castle |
| 27:20 | [ZCHE] Jose VIII · first_building Siege Workshop |
| 27:30 | parktopia · first_building Monastery |
| 31:54 | parktopia · first_building Castle |
| 32:58 | [ZCHE] Jose VIII · wall_segment Palisade Wall x5 |
| 33:00 | [ZCHE] Jose VIII · wall_segment Palisade Wall x4 |
| 33:01 | [ZCHE] Jose VIII · wall_segment Palisade Wall x3 |
| 33:04 | [ZCHE] Jose VIII · wall_segment Palisade Wall x4 |
| 33:05 | [ZCHE] Jose VIII · wall_segment Palisade Wall x4 |
| 33:07 | [ZCHE] Jose VIII · wall_segment Palisade Wall x5 |
| 33:47 | [ZCHE] Jose VIII · wall_segment Palisade Wall x2 |
| 33:47 | [ZCHE] Jose VIII · wall_segment Palisade Wall x2 |
| 33:47 | [ZCHE] Jose VIII · wall_segment Palisade Wall x1 |
| 33:48 | [ZCHE] Jose VIII · wall_segment Palisade Wall x1 |
| 33:49 | [ZCHE] Jose VIII · wall_segment Palisade Wall x1 |
| 33:49 | [ZCHE] Jose VIII · wall_segment Palisade Wall x1 |
| 33:49 | [ZCHE] Jose VIII · wall_segment Palisade Wall x1 |
| 33:50 | [ZCHE] Jose VIII · wall_segment Palisade Wall x1 |
| 33:50 | [ZCHE] Jose VIII · wall_segment Palisade Wall x1 |
| 33:50 | [ZCHE] Jose VIII · wall_segment Palisade Wall x1 |
| 33:51 | [ZCHE] Jose VIII · wall_segment Palisade Wall x1 |
| 33:51 | [ZCHE] Jose VIII · wall_segment Palisade Wall x2 |
| 33:51 | [ZCHE] Jose VIII · wall_segment Palisade Wall x1 |
| 34:59 | parktopia · first_market_sell 500 wood |
| 35:00 | parktopia · first_market_buy 100 stone |
| 38:45 | parktopia · first_building Siege Workshop |
| 40:57 | [ZCHE] Jose VIII · age_up imperial |
| 44:57 | parktopia · age_up imperial |
| 45:33 | parktopia · wall_segment Palisade Wall x1 |
| 49:00 | parktopia · wall_segment Stone Wall x6 |
| 49:01 | parktopia · wall_segment Stone Wall x11 |
| 49:04 | parktopia · wall_segment Stone Wall x15 |
| 49:05 | parktopia · wall_segment Stone Wall x11 |
| 49:10 | parktopia · wall_segment Stone Wall x1 |
| 55:29 | [ZCHE] Jose VIII · resign |
[ ANÁLISIS IA · 1 CRÉDITO ]
¿Qué pasó realmente en esta partida?
Wolo.gg analiza cada decisión: build order, eco, micro, errores típicos por bracket. Análisis personalizado por WhatsApp o Discord en 30 segundos.
Guía civ
Tupíes
Guía mapa
Canals
Perfil
[ZCHE] Jose VIII